 Dungeon Sprint DCSS version 0.29-a0-512-gf59ac788ac (webtiles) character file.

Game seed: 15583927169875852190

344 mhtbhm the Grappler (level 6, -2/54 HPs)
             Began as a Troll Transmuter on May 29, 2022.
             Was an Initiate of Gozag.
             Slain by a gnoll sergeant
             ... wielding a +3 trident of venom
              (15 damage)
             ... in the Dungeon (Sprint VII: "The Pits").
             The game lasted 00:01:11 (411 turns).

mhtbhm the Grappler (Troll Transmuter)               Turns: 411, Time: 00:01:12

Health: -2/54      AC:  4    Str: 19    XL:     6   Next: 31%
Magic:  8/10       EV: 10    Int: 11    God:    Gozag
Gold:   1224       SH:  0    Dex: 10    Spells: 2/12 levels left

rFire   . . .      SeeInvis .     - Unarmed
rCold   . . .      Faith    .   (no shield)
rNeg    . . .      Spirit   .   a - +0 robe
rPois   .          Reflect  .   (helmet currently unavailable)
rElec   .          Harm     .   (no cloak)
rCorr   .          Rampage  .   (gloves unavailable)
Will    .....      NoTele   +   (boots unavailable)
Stlth   +.........              (no amulet)
HPRegen 0.98/turn               (no ring)
MPRegen 0.12/turn               (no ring)

@: appendages, wereblooded
A: horns 2, talons 2, large, unfitting armour, claws 3, regeneration 1, shaggy
fur 1, tough skin 1
a: End Transformation, Renounce Religion, Potion Petition, Call Merchant, Bribe
Branch


You were in the Dungeon.
You worshipped Gozag.
Gozag was most pleased with you.
You had temporarily grown beastly horns and talons.
You visited 1 branch You collected 1224 gold pieces.

Inventory:

Armour
 a - a +0 robe (worn)
Scrolls
 h - a scroll of blinking
 j - 5 scrolls of amnesia
 k - a scroll of summoning
Potions
 b - a potion of lignification
 c - 3 potions of curing
 d - 6 potions of heal wounds
 e - a potion of haste
 f - 4 potions of magic
 g - 3 potions of berserk rage
 i - 2 potions of invisibility


   Skills:
 + Level 0.9 Fighting
 + Level 4.3 Dodging
 + Level 0.2 Stealth
 + Level 10.0 Unarmed Combat
 + Level 3.9 Spellcasting
 + Level 4.3 Transmutations


You had 2 spell levels left.
You knew the following spells:

 Your Spells              Type           Power      Damage    Failure   Level
a - Beastly Appendage     Tmut           22%        N/A       4%          1
b - Wereblood             Tmut           11%        N/A       6%          2
c - Spider Form           Tmut/Pois      6%         N/A       30%         3
d - Ice Form              Ice/Tmut       6%         N/A       69%         4

Your spell library contained the following spells:

 Spells                   Type           Power      Damage    Failure   Level


Dungeon Overview and Level Annotations

Branches:
Dungeon (1/1)

Altars:
Ashenzari
Cheibriados
Dithmenos
Elyvilon
Fedhas
Gozag
Hepliaklqana
Kikubaaqudgha
Makhleb
Nemelex Xobeh
Okawaru
Qazlal
Ru
Sif Muna
Trog
Uskayaw
Vehumet
Wu Jian
Xom
Yredelemnul
Zin
The Shining One
Beogh
Jiyva
Lugonu


Innate Abilities, Weirdness & Mutations

You have temporarily grown beastly horns and talons.
You are too large for most types of armour.
You have claws for hands.
Your natural rate of healing is unusually fast.
You are covered in fur. (AC +1)
You have tough skin. (AC +1)


Message History

You grow a pair of large bovine horns.
Your feet morph into talons.
The gnoll sergeant barely misses you.
Casting: Beastly Appendage (safe; 4% risk of failure)
Confirm with . or Enter, or press ? or * to list all spells.
Your blood is infused with primal strength.
The gnoll sergeant hits you from afar with a +3 trident of venom!
You are poisoned.
You feel very sick.
The gnoll sergeant hits you with a +3 trident of venom!
You are more poisoned.
There is an open door, spattered with blood here.
You claw the gnoll sergeant!
Your headbutt misses the gnoll sergeant.
The gnoll sergeant is moderately wounded.
You feel very sick.
The gnoll sergeant hits you with a +3 trident of venom!
* * * LOW HITPOINT WARNING * * *
You are more poisoned.
You feel better. The gnoll sergeant closely misses you.
Unknown command.
You scratch the gnoll sergeant.
You claw the gnoll sergeant, but do no damage.
The gnoll sergeant is heavily wounded.
The gnoll sergeant hits you with a +3 trident of venom!
* * * LOW HITPOINT WARNING * * *
You are lethally poisoned!
You scratch the gnoll sergeant but do no damage.
The gnoll sergeant is heavily wounded.
* * * LOW HITPOINT WARNING * * *
You feel very sick.
Unknown command.
You feel better.
The gnoll sergeant hits you with a +3 trident of venom!
* * * LOW HITPOINT WARNING * * *
You are lethally poisoned!
Unknown command.
You feel better.
The gnoll sergeant hits you with a +3 trident of venom!
You die...
Your body crumbles into a pile of gold.

#.#........##.......#
#)###########.......#
#)).....# #########
#).###..# #.......#
##.###.## #.......#
#..###..#+#
#.......@g#
###########


You could see a gnoll sergeant.

Vanquished Creatures
  A floating eye (D)
  A necrophage (D)
  An orc priest (D)
  A gnoll shaman (D)
  An iron imp (D)
  An iguana (D)
  An orc wizard (D)
  3 gnolls (D)
  An adder (D)
  2 orcs (D)
  An endoplasm (D)
  2 jackals (D)
  A ball python (D)
  2 frilled lizards (D)
  2 goblins (D)
  A kobold (D)
22 creatures vanquished.

Notes
Turn   | Place    | Note
-------+----------+-------------------------------------------
     0 | D        | mhtbhm the Troll Transmuter began the quest for the Orb.
     0 | D        | Reached XP level 1. HP: 18/18 MP: 1/1
    19 | D        | Found a bloodstained altar of Trog.
    19 | D        | Found a shimmering blue altar of Sif Muna.
    19 | D        | Found a viscous altar of Jiyva.
    19 | D        | Found a hazy altar of Hepliaklqana.
    19 | D        | Found an opulent altar of Gozag.
    20 | D        | Found a glowing golden altar of the Shining One.
    20 | D        | Found a glowing silver altar of Zin.
    20 | D        | Found a basalt altar of Yredelemnul.
    20 | D        | Found a shimmering altar of Xom.
    20 | D        | Found an ornate altar of the Wu Jian Council.
    20 | D        | Found a sacrificial altar of Ru.
    20 | D        | Found a stormy altar of Qazlal.
    20 | D        | Found an iron altar of Okawaru.
    20 | D        | Found a sparkling altar of Nemelex Xobeh.
    20 | D        | Found a burning altar of Makhleb.
    20 | D        | Found a blossoming altar of Fedhas.
    20 | D        | Found a white marble altar of Elyvilon.
    20 | D        | Found a shadowy altar of Dithmenos.
    20 | D        | Found a snail-covered altar of Cheibriados.
    22 | D        | Found a radiant altar of Vehumet.
    22 | D        | Found a corrupted altar of Lugonu.
    23 | D        | Found a hide-covered altar of Uskayaw.
    23 | D        | Found an ancient bone altar of Kikubaaqudgha.
    23 | D        | Found a broken altar of Ashenzari.
    27 | D        | Became a worshipper of Gozag Ym Sagoz the Greedy
    64 | D        | Noticed a floating eye
    66 | D        | Killed a floating eye
    67 | D        | Reached skill level 7 in Unarmed Combat
    67 | D        | Reached XP level 2. HP: 26/26 MP: 0/4
    67 | D        | Reached XP level 3. HP: 32/32 MP: 0/5
    67 | D        | Reached XP level 4. HP: 40/40 MP: 0/6
   227 | D        | Learned a level 2 spell: Wereblood
   231 | D        | Learned a level 3 spell: Spider Form
   246 | D        | Noticed a necrophage
   252 | D        | Killed a necrophage
   253 | D        | Reached skill level 8 in Unarmed Combat
   253 | D        | Reached XP level 5. HP: 46/46 MP: 4/8
   332 | D        | Learned a level 4 spell: Ice Form
   348 | D        | Reached skill level 9 in Unarmed Combat
   354 | D        | Reached XP level 6. HP: 52/54 MP: 7/10
   391 | D        | Reached skill level 10 in Unarmed Combat
   410 | D        | HP: 1/54 [gnoll sergeant/+3 trident of venom (13)]
   411 | D        | Slain by a gnoll sergeant

Illustrated notes

Levels and vault maps discovered:
D:        pitsprint [storerooms_1, entrance_room_1, metal_vault_7, armoury_1,
          mini_pit_1, grid_room_1, main_hall_1, silver_pit, the_coven_3,
          the_vestibule_1, steel_vault_4, golden_pit, hallway_of_sentries,
          crystal_vault_1, iron_vault_1, final_vault]

Skill      XL: |  1  2  3  4  5  6 |
---------------+-------------------+-----
Dodging        | 3 4 |  4.3
Unarmed Combat | 7 8 9 10 | 10.0
Spellcasting   | 2 3 |  3.9
Transmutations | 2 3 4 |  4.3
Fighting       | |  0.9
Stealth        | |  0.2

Action                   |  1- 3 |  4- 6 || total
-------------------------+-------+-------++-------
Melee: Unarmed           |     2 |    45 ||    47
       Kick              |     1 |     6 ||     7
       Headbutt          |       |     3 ||     3
       Punch             |       |     2 ||     2
 Cast: Beastly Appendage |     2 |     3 ||     5
       Wereblood         |       |     3 ||     3
  Use: Potion            |       |     3 ||     3
Armor: Robe              |     2 |     4 ||     6
Dodge: Dodged            |     1 |    19 ||    20

Table legend: (Time is in decaauts)
 A = Elapsed time spent in this place.
 B = Non-inter-level travel time spent in this place.
 C = Inter-level travel time spent in this place.
 D = Time resting spent in this place.
 E = Time spent auto-exploring this place.
 F = Levels seen in this place.
 G = Mean time per level.
                   A        B        C        D        E       F      G
               +--------+--------+--------+--------+--------+-----+--------+
         Total |    403 |    403 |      0 |    163 |      0 |   1 |  403.0 |
       Dungeon |    403 |    403 |      0 |    163 |      0 |   1 |  403.0 |
               +--------+--------+--------+--------+--------+-----+--------+

Top non-repeatable levels by time:
       D: 403 daAuts
